 Dungeon Crawl Stone Soup version 0.24-a0-235-g3f03afc (webtiles) character file.

Game seed: 13454289708099768624

68985 mhoghedin the Fighter (level 14, 0/129 HPs)
             Began as a Centaur Hunter on Mar 31, 2019.
             Was the Champion of the Shining One.
             Shot with an arrow by a centaur warrior (10 damage)
             ... on level 13 of the Dungeon on Apr 8, 2019.
             The game lasted 00:47:18 (22920 turns).

mhoghedin the Fighter (Centaur Hunter)             Turns: 22920, Time: 00:47:19

Health: 0/129      AC: 21    Str: 17    XL:     14   Next: 88%
Magic:  22/22      EV: 11    Int: 10    God:    the Shining One [******]
Gold:   1518       SH:  0    Dex: 13    Spells: 13/13 levels left

rFire    + . .     SeeInvis +   a - +4 shortbow (velocity)
rCold    + . .     Gourm    .   (shield currently unavailable)
rNeg     + + +     Faith    .   i - +4 scale mail {rF+}
rPois    +         Spirit   .   A - +2 helmet {SInv}
rElec    .         Reflect  .   c - +2 cloak {rPois}
rCorr    .         Harm     .   s - +2 pair of gloves
MR       +....                  (no barding)
Stlth    ..........             G - amulet of regeneration {+regen, !d}
HPRegen  0.71/turn              Q - ring of ice {rC+, rF-}
MPRegen  0.18/turn              I - ring of protection from fire (curse) {rF+, !d}

@: glowing, very quick
A: large, hooves 3, deformed body, speed 2, tough skin 3
a: Divine Shield, Cleansing Flame, Summon Divine Warrior, Brand Weapon With Holy
Wrath, Renounce Religion


You were on level 13 of the Dungeon.
You worshipped the Shining One.
The Shining One was exalted by your worship.
You were completely stuffed.

You visited 3 branches of the dungeon, and saw 20 of its levels.
You also visited: Ice Cave.

You collected 1518 gold pieces.

Inventory:

Hand Weapons
 a - a +4 shortbow of velocity (weapon)
 b - the +1 morningstar of Uckyuq {speed, rPois Dex+4}
   (You found it on level 7 of the Dungeon)

   Attacks with this weapon are significantly faster.
   It affects your dexterity (+4).
   It protects you from poison.
 F - a +2 whip of electrocution
   (You took it off an orc priest on level 5 of the Dungeon)
Missiles
 l - 184 arrows (quivered)
 E - a throwing net {=f, !d}
Armour
 c - a +2 cloak of poison resistance (worn)
   (You found it in an ice cave)
 i - a +4 scale mail of fire resistance (worn)
   (You found it on level 9 of the Dungeon)
 s - a +2 pair of gloves (worn)
   (You found it on level 2 of the Dungeon)
 A - a +2 helmet of see invisible (worn)
   (You found it on level 5 of the Lair of Beasts)
Magical Staves
 N - an uncursed staff of cold {rC+}
   (You took it off Fannar on level 11 of the Dungeon)
Jewellery
 C - an uncursed amulet of guardian spirit {Spirit}
   (You found it on level 6 of the Lair of Beasts)
 G - an amulet of regeneration (around neck) {+regen, !d}
   (You found it on level 8 of the Dungeon)
 I - a cursed ring of protection from fire (right hand) {rF+, !d}
   (You found it on level 2 of the Lair of Beasts)
 K - a +1 ring of evasion
   (You took it off an orc on level 8 of the Dungeon)
 Q - a ring of ice (left hand) {rC+, rF-}
   (You found it in an ice cave)
Wands
 n - a wand of acid (3)
   (You took it off an orc on level 6 of the Dungeon)
 o - a wand of paralysis (14)
   (You found it on level 2 of the Dungeon)
 u - a wand of flame (31)
   (You took it off Crazy Yiuf on level 2 of the Dungeon)
 M - a wand of polymorph (5)
   (You found it on level 2 of the Lair of Beasts)
 O - a wand of disintegration (14)
   (You found it in an ice cave)
Scrolls
 e - 6 scrolls of teleportation
 g - 2 scrolls of noise {!r}
 p - 9 scrolls of remove curse
 t - a scroll of brand weapon
 x - 5 scrolls of enchant armour
 y - 2 scrolls of vulnerability {!r!r}
 z - 5 scrolls of identify
 H - 3 scrolls of holy word {!r}
 J - 4 scrolls of blinking {!r}
 L - a scroll of fear
Potions
 d - a potion of agility
 h - 4 potions of haste
 j - 8 potions of curing
 k - 3 potions of might
 m - a potion of mutation {unknown}
 q - 2 potions of flight
 r - 4 potions of brilliance
 v - a potion of lignification {!q}
 w - 4 potions of heal wounds
 B - 2 potions of cancellation
 D - 2 potions of ambrosia
Miscellaneous
 P - a lamp of fire
   (You found it on level 12 of the Dungeon)
Comestibles
 f - 27 rations


   Skills:
 + Level 13.4 Fighting
   Level 2.1 Short Blades
 - Level 10.8 Maces & Flails
 + Level 13.4 Bows
 + Level 6.6 Armour
 + Level 7.2 Dodging
 - Level 0.4 Stealth
 + Level 11.4 Invocations
 - Level 2.1 Evocations


You had 13 spell levels left.
You didn't know any spells.
Your spell library contained the following spells:

 Spells                   Type           Power        Failure   Level  Hunger
 Animate Skeleton         Necr           N/A          75%         1    ##.....
 Apportation              Tloc           #.....       75%         1    ##.....
 Confusing Touch          Hex            #.....       75%         1    ##.....
 Sandblast                Erth           #.....       75%         1    ##.....
 Sting                    Conj/Pois      #...         75%         1    ##.....
 Summon Small Mammal      Summ           #...         75%         1    ##.....
 Call Imp                 Summ           #.......     86%         2    ###....
 Passwall                 Tmut/Erth      #.......     86%         2    ###....
 Poisonous Vapours        Pois/Air       #.....       86%         2    ###....
 Call Canine Familiar     Summ           #.......     98%         3    ####...
 Conjure Flame            Conj/Fire      #.......     98%         3    ####...
 Mephitic Cloud           Conj/Pois/Air  #.......     98%         3    ####...
 Stone Arrow              Conj/Erth      #.....       98%         3    ####...
 Summon Guardian Golem    Hex/Summ       #.......     98%         3    ####...
 Ice Form                 Ice/Tmut       #.......     100%        4    #####..
 Olgreb's Toxic Radiance  Pois           #.......     100%        4    #####..
 Petrify                  Tmut/Erth      #.......     100%        4    #####..
 Summon Ice Beast         Ice/Summ       #.......     100%        4    #####..
 Summon Lightning Spire   Summ/Air       #.......     100%        4    #####..
 Borgnjor's Vile Clutch   Necr/Erth      #.........   100%        5    ######.
 Lee's Rapid Deconstruct  Erth           #.........   100%        5    ######.
 Metabolic Englaciation   Hex/Ice        #.........   100%        5    ######.
 Venom Bolt               Conj/Pois      #.........   100%        5    ######.
 Bolt of Cold             Conj/Ice       #.........   100%        6    #######
 Freezing Cloud           Conj/Ice/Air   #.........   100%        6    #######
 Ozocubu's Refrigeration  Ice            #.........   100%        6    #######
 Simulacrum               Ice/Necr       #.........   100%        6    #######
 Ring of Flames           Chrm/Fire      #.........   100%        7    #######


Dungeon Overview and Level Annotations

Branches:
Dungeon (13/15)            Temple (0/1) D:6            Lair (6/6) D:9
  Swamp (1/4) Lair:4       Spider (0/4) Lair:4        Slime (0/5) Lair:6
    Orc (0/2) D:10
 Vaults: D:13-14

Altars:
Cheibriados
Fedhas
Gozag
Nemelex Xobeh
Okawaru
Ru
Trog
Uskayaw
Vehumet
Wu Jian
Xom
Yredelemnul
The Shining One

Shops:
D:7 *::


Innate Abilities, Weirdness & Mutations

You have hooves in place of feet.
Armour fits poorly on your strangely shaped body.
You cover ground very quickly.
You have extremely tough skin. (AC +3)


Message History

Firing (i - inventory. (/) - cycle)
l - 195 arrows (quivered)
Aim: an orc, wielding a +0 club (haloed)
You shoot an arrow. The arrow barely misses the orc.
Firing (i - inventory. (/) - cycle)
l - 194 arrows (quivered)
Aim: an orc, wielding a +0 club (haloed)
You shoot an arrow. The arrow hits the orc!
You kill the orc!
Firing (i - inventory. (/) - cycle)
l - 193 arrows (quivered)
Aim: an orc wizard, wielding a +0 dagger and wearing a +0 robe (haloed)
You shoot an arrow. The arrow hits the orc wizard!
The centaur warrior wields a +0 shortbow.
The centaur warrior shoots an arrow.
The arrow hits you!
You hear a shout! x2
You take 14 damage, and have 115/129 hp.
Firing (i - inventory. (/) - cycle)
l - 192 arrows (quivered)
Aim: a centaur, wielding a +0 shortbow (haloed)
You shoot an arrow. The arrow hits the centaur!
The centaur shoots an arrow.
The arrow hits you but does no damage.
Firing (i - inventory. (/) - cycle)
l - 191 arrows (quivered)
Aim: a centaur, wielding a +0 shortbow (severely wounded, haloed)
You shoot an arrow. The arrow hits the centaur warrior!
The centaur shoots an arrow.
The arrow hits you.
The centaur shouts!
The centaur warrior shoots an arrow.
The arrow hits you but does no damage.
Firing (i - inventory. (/) - cycle)
l - 190 arrows (quivered)
Aim: a centaur warrior, wielding a +0 shortbow (lightly wounded, haloed)
You shoot an arrow.
The arrow hits the centaur warrior but does no damage.
The centaur shoots an arrow.
The arrow hits you but does no damage.
The centaur warrior shoots an arrow.
The arrow hits you!
You hear a shout!
Firing (i - inventory. (/) - cycle)
l - 189 arrows (quivered)
Aim: a centaur warrior, wielding a +0 shortbow (lightly wounded, haloed)
You shoot an arrow. The arrow hits the centaur warrior!
The centaur warrior shoots an arrow.
The arrow hits you!
You take 19 damage, and have 98/129 hp.
Firing (i - inventory. (/) - cycle)
l - 188 arrows (quivered)
Aim: a centaur warrior, wielding a +0 shortbow (heavily wounded, haloed)
You shoot an arrow. The arrow hits the centaur warrior!
The centaur shoots an arrow.
The arrow hits you!
Firing (i - inventory. (/) - cycle)
l - 187 arrows (quivered)
Aim: a centaur warrior, wielding a +0 shortbow (severely wounded, haloed)
You shoot an arrow. The arrow hits the centaur warrior.
The centaur warrior shoots an arrow.
The arrow closely misses you.
The centaur shoots an arrow.
The arrow hits you but does no damage.
The centaur wields a +0 shortbow.
The centaur shoots an arrow.
The arrow hits you.
Firing (i - inventory. (/) - cycle)
l - 186 arrows (quivered)
Aim: a centaur warrior, wielding a +0 shortbow (severely wounded, haloed)
You shoot an arrow. The arrow hits the centaur warrior.
The centaur warrior shoots an arrow.
The arrow misses you.
The centaur shoots an arrow.
The arrow hits you.
Firing (i - inventory. (/) - cycle)
l - 185 arrows (quivered)
Aim: a centaur warrior, wielding a +0 shortbow (severely wounded, haloed)
You shoot an arrow. The arrow hits the centaur warrior.
The centaur shoots an arrow.
The arrow hits you.
The centaur warrior shoots an arrow.
The arrow hits you!
The centaur shoots an arrow.
The arrow hits you but does no damage.
You are too injured to fight recklessly!
You are too injured to fight recklessly!
You are too injured to fight recklessly!
You take 26 damage, and have 72/129 hp.
MASSIVE DAMAGE!!
Unknown command.
The centaur shouts!
Something hits the bush but does no damage.
The centaur warrior shoots an arrow.
The arrow hits you.
The centaur shoots an arrow.
The arrow hits you.
Something hits the bush.
You see here 2 arrows.
You take 4 damage, and have 69/129 hp.
The centaur warrior shoots an arrow.
The arrow hits you.
The centaur shoots an arrow.
The arrow hits you.
You see here 2 arrows.
You take 1 damage, and have 68/129 hp.
The centaur warrior shoots an arrow.
The arrow hits you!
The centaur shoots an arrow.
The arrow hits you but does no damage.
The centaur shoots an arrow.
The arrow hits you.
You see here an arrow.
You take 18 damage, and have 50/129 hp.
The centaur warrior shoots an arrow.
The arrow hits you but does no damage.
The centaur shoots an arrow.
The arrow hits you but does no damage.
You see here 2 arrows.
The centaur warrior shoots an arrow.
The arrow hits you!
* * * LOW HITPOINT WARNING * * *
You see here an arrow.
The centaur warrior shoots an arrow.
The arrow hits you!!
* * * LOW HITPOINT WARNING * * *
The centaur shoots an arrow.
The arrow hits you!
* * * LOW HITPOINT WARNING * * *
You see here an arrow.
You take 42 damage, and have 8/129 hp.
MASSIVE DAMAGE!!
As you read the scroll of fear, it crumbles to dust.
You assume a fearsome visage.
The orc wizard looks frightened!
The centaur warrior resists with some effort.
The centaur looks frightened! x2
The orc wizard gestures wildly while chanting.
The orc wizard flickers and vanishes for a moment.
The centaur warrior shoots an arrow.
The arrow hits you!
You die...

.......W#....#######
.........cc.....#..#
.........(.........#
^.......#.(.......##
........#..o.......###
...<#..#####(........#
.##.#.## ##......###
.......#####..(......#
..............@.<...#
#.....#.....####.###
##...##.....# #
##..8..#.#..##
#..........##
#.....8...##
#..>......#
#.....8..## #.......##


You could see a centaur warrior, a centaur (fleeing) and an orc wizard
(fleeing).

Vanquished Creatures
  Gastronok (Lair:1)
  A white draconian (IceCv)
  A fire dragon (Lair:6)
  Fannar (D:11)
  7 hydras
  A catoblepas (Lair:6)
  A centaur warrior (D:13)
  2 two-headed ogres
  A death yak (Lair:2)
  An unseen horror (D:11)
  Pikel (D:6)
  A lindwurm (Lair:6)
  A deep elf mage (D:12)
  2 ugly things
  4 elephants (Lair:6)
  2 manticores
  3 molten gargoyles (Lair:6)
  A torpor snail (Lair:3)
  An ice statue (IceCv)
  5 black mambas
  An efreet (D:13)
  9 spiny frogs
  3 rime drakes
  A centaur skeleton (D:13)
  10 komodo dragons
  15 polar bears (IceCv)
  2 trolls
  Prince Ribbit (D:6)
  21 blink frogs
  7 dream sheep (Lair:6)
  10 hippogriffs
  A spriggan (D:11)
  A shadow (D:11)
  28 yaks
  Eustachio (D:5)
  Grum (D:8)
  7 wyverns
  4 hungry ghosts
  5 basilisks (Lair:6)
  Menkaure (D:6)
  A steam dragon (Lair:6)
  Duvessa (D:5)
  4 hell hounds (Lair:6)
  A soldier ant (D:12)
  9 water moccasins
  9 porcupines
  6 phantoms
  3 ice beasts
  5 sky beasts
  A hornet zombie (D:10)
  7 orc warriors
  2 black bears
  5 ogres
  7 centaurs
  20 wolves
  11 crocodiles
  A big kobold (D:5)
  9 bullfrogs
  5 scorpions
  Dowan (D:5)
  3 troll zombies (D:10)
  3 wights (D:8)
  5 killer bees (D:12)
  5 howler monkeys
  5 crimson imps
  2 centaur zombies
  2 bullfrog zombies
  A quasit (D:12)
  5 lava snakes (Lair:6)
  10 orc priests
  Crazy Yiuf (D:2)
  18 jellies
  8 hounds
  2 bullfrog skeletons
  4 iguanas
  4 hell rats (Lair:3)
  15 orc wizards
  A statue (D:5)
  7 worker ants
  5 ogre zombies (D:10)
  A hound skeleton (D:5)
  A worker ant zombie (D:5)
  A howler monkey skeleton (D:7)
  12 gnolls
  10 adders
  5 shadow imps
  An ooze (D:5)
  An adder zombie (D:7)
  4 dart slugs
  8 leopard geckos
  51 orcs
  A ball python (D:2)
  11 bats
  5 giant cockroaches
  4 goblins
  12 hobgoblins
  21 jackals
  5 quokkas
  2 frilled lizards
  A giant cockroach zombie (D:1)
  A goblin skeleton (D:10)
  4 goblin zombies (D:10)
  A hobgoblin skeleton (D:10)
  A hobgoblin zombie (D:10)
  A jackal zombie (D:1)
  9 kobolds
  A leopard gecko skeleton (D:4)
  3 orc skeletons (D:10)
  15 orc zombies (D:10)
  7 rats
581 creatures vanquished.

Vanquished Creatures (collateral kills)
  A hungry ghost (D:13)
1 creature vanquished.

Vanquished Creatures (others)
  A yak (IceCv)
  A wolf (IceCv)
  A jelly (D:6)
  16 fungi
  10 plants (Lair:6)
29 creatures vanquished.

Grand Total: 611 creatures vanquished

Notes
Turn   | Place    | Note
-------+----------+-------------------------------------------
     0 | D:1      | mhoghedin the Centaur Hunter began the quest for the Orb.
     0 | D:1      | Reached XP level 1. HP: 17/17 MP: 1/1
   154 | D:1      | Reached XP level 2. HP: 21/24 MP: 2/2
   351 | D:1      | Found a glowing golden altar of the Shining One.
   676 | D:1      | Reached XP level 3. HP: 26/30 MP: 3/3
   710 | D:1      | Became a worshipper of the Shining One
  1059 | D:2      | Found a faded altar of an unknown god.
  1123 | D:2      | Reached skill level 2 in Dodging
  1416 | D:2      | Reached skill level 6 in Bows
  1423 | D:2      | Reached skill level 3 in Fighting
  1423 | D:2      | Reached XP level 4. HP: 38/38 MP: 4/4
  2025 | D:2      | Found a runed translucent door.
  2026 | D:2      | Noticed Crazy Yiuf
  2231 | D:2      | Killed Crazy Yiuf
  2457 | D:3      | Reached XP level 5. HP: 44/45 MP: 5/5
  2576 | D:3      | Reached skill level 1 in Evocations
  2588 | D:3      | Reached skill level 1 in Invocations
  2858 | D:3      | Found a basalt altar of Yredelemnul.
  3218 | D:3      | Reached XP level 6. HP: 40/52 MP: 7/7
  3254 | D:3      | Reached skill level 4 in Fighting
  3628 | D:3      | Reached skill level 1 in Short Blades
  3747 | D:4      | Reached skill level 1 in Armour
  3816 | D:4      | Reached * piety under the Shining One
  3859 | D:4      | Reached skill level 3 in Dodging
  3859 | D:4      | Reached XP level 7. HP: 27/60 MP: 8/8
  4201 | D:4      | Reached skill level 2 in Invocations
  4367 | D:4      | Reached skill level 2 in Short Blades
  4367 | D:4      | Reached skill level 2 in Evocations
  4664 | D:5      | Entered Level 5 of the Dungeon
  4803 | D:5      | Reached skill level 5 in Fighting
  4934 | D:5      | Found a hide-covered altar of Uskayaw.
  5041 | D:5      | Reached skill level 7 in Bows
  5044 | D:5      | Noticed Eustachio
  5062 | D:5      | Reached skill level 1 in Maces & Flails
  5091 | D:5      | Reached skill level 2 in Maces & Flails
  5091 | D:5      | Reached XP level 8. HP: 62/70 MP: 9/9
  5121 | D:5      | Reached ** piety under the Shining One
  5442 | D:5      | Killed Eustachio
  5442 | D:5      | Reached skill level 6 in Fighting
  5451 | D:5      | Found a radiant altar of Vehumet.
  5603 | D:5      | Found an opulent altar of Gozag.
  5636 | D:5      | Reached skill level 3 in Maces & Flails
  5636 | D:5      | Reached skill level 3 in Invocations
  5649 | D:5      | Noticed Dowan
  5649 | D:5      | Noticed Duvessa
  5665 | D:5      | Killed Duvessa
  5671 | D:5      | Killed Dowan
  5797 | D:5      | Found a bloodstained altar of Trog.
  5797 | D:5      | Found an iron altar of Okawaru.
  5802 | D:5      | Reached skill level 4 in Invocations
  5895 | D:5      | Reached skill level 4 in Maces & Flails
  6148 | D:5      | Reached skill level 7 in Fighting
  6155 | D:5      | HP: 17/73 [orc wizard/magic dart (9)]
  6160 | D:5      | HP: 17/73 [poisoned by an orc wizard]
  6165 | D:5      | HP: 16/73 [poisoned by an orc wizard]
  6490 | D:5      | Reached XP level 9. HP: 27/79 MP: 12/12
  7024 | D:6      | Found a staircase to the Ecumenical Temple.
  7026 | D:6      | Noticed Pikel
  7029 | D:6      | Noticed Prince Ribbit
  7057 | D:6      | HP: 29/118 [Pikel/+1 whip of electrocution (4)]
  7059 | D:6      | Killed Pikel
  7059 | D:6      | Reached skill level 8 in Bows
  7067 | D:6      | Killed Prince Ribbit
  7067 | D:6      | Reached skill level 5 in Maces & Flails
  7580 | D:6      | Noticed Menkaure
  7583 | D:6      | Killed Menkaure
  7583 | D:6      | Reached skill level 8 in Fighting
  8037 | D:6      | Found a snail-covered altar of Cheibriados.
  8037 | D:6      | Found a sacrificial altar of Ru.
  8107 | D:6      | Found a sparkling altar of Nemelex Xobeh.
  8319 | D:7      | Found Ysuthil's Book Shop.
  8333 | D:7      | Got a translucent morningstar
  8335 | D:7      | Identified the cursed +1 morningstar of Uckyuq {speed,
                  | rPois Dex+4} (You found it on level 7 of the Dungeon)
  8377 | D:7      | Found Sidwoduf's Book Boutique.
  8529 | D:7      | Reached skill level 6 in Maces & Flails
  8654 | D:7      | Found Jaeket's General Store.
  8731 | D:7      | Found a glowing golden altar of the Shining One.
  8731 | D:7      | Found a shimmering altar of Xom.
  8825 | D:8      | Noticed Grum
  8860 | D:8      | Killed Grum
  8860 | D:8      | Reached skill level 9 in Fighting
  8866 | D:8      | HP: 20/83 [worker ant (3)]
  8917 | D:8      | Reached XP level 10. HP: 40/91 MP: 13/13
  9221 | D:8      | Found a blossoming altar of Fedhas.
  9348 | D:8      | Reached *** piety under the Shining One
  9367 | D:8      | Reached skill level 7 in Maces & Flails
  9729 | D:8      | Found a shimmering altar of Xom.
 10174 | D:9      | Found a staircase to the Lair.
 10224 | D:9      | Reached skill level 10 in Fighting
 10318 | D:9      | Noticed a two-headed ogre
 10388 | D:9      | Killed a two-headed ogre
 10388 | D:9      | Reached skill level 9 in Bows
 10491 | D:9      | Reached skill level 10 in Bows
 10674 | D:9      | Reached **** piety under the Shining One
 11089 | Lair:1   | Entered Level 1 of the Lair of Beasts
 11098 | Lair:1   | Got an ancient trident
 11099 | Lair:1   | Identified the +7 trident "Zeafiwin" {pierce, *Drain Str+6
                  | Int+2 SInv} (You found it on level 1 of the Lair of Beasts)
 11192 | Lair:1   | Reached skill level 5 in Invocations
 11275 | Lair:1   | Noticed an eight-headed hydra
 11315 | Lair:1   | Killed an eight-headed hydra
 11315 | Lair:1   | Reached XP level 11. HP: 101/101 MP: 13/15
 11341 | Lair:1   | Noticed Gastronok
 11372 | Lair:1   | Killed Gastronok
 11372 | Lair:1   | Reached skill level 6 in Invocations
 11400 | Lair:1   | Reached skill level 11 in Fighting
 11630 | Lair:1   | Reached skill level 7 in Invocations
 11876 | Lair:2   | Reached skill level 8 in Maces & Flails
 11965 | Lair:2   | Noticed a four-headed hydra
 12003 | Lair:2   | Killed a four-headed hydra
 12003 | Lair:2   | Reached skill level 2 in Armour
 12296 | Lair:2   | Noticed a five-headed hydra
 12341 | Lair:2   | Killed a five-headed hydra
 12341 | Lair:2   | Reached skill level 11 in Bows
 13282 | Lair:3   | Noticed a death yak
 13520 | Lair:2   | Killed a death yak
 13520 | Lair:2   | Reached skill level 3 in Armour
 13520 | Lair:2   | Reached skill level 4 in Dodging
 13520 | Lair:2   | Reached skill level 8 in Invocations
 13520 | Lair:2   | Reached XP level 12. HP: 61/110 MP: 16/18
 13957 | Lair:3   | Reached skill level 12 in Fighting
 13957 | Lair:3   | Reached skill level 9 in Maces & Flails
 13957 | Lair:3   | Reached skill level 12 in Bows
 13957 | Lair:3   | Reached skill level 4 in Armour
 13957 | Lair:3   | Reached skill level 5 in Dodging
 13957 | Lair:3   | Reached skill level 9 in Invocations
 13957 | Lair:3   | Reached XP level 13. HP: 118/118 MP: 19/19
 14674 | Lair:4   | Found a staircase to the Swamp.
 14753 | Lair:4   | HP: 27/118 [yak (9)]
 14775 | Lair:4   | Found a frozen archway.
 14816 | IceCv    | Entered an ice cave
 15171 | IceCv    | HP: 11/118 [ice statue/bolt of cold (24)]
 15843 | IceCv    | Noticed a white draconian
 15878 | IceCv    | Killed a white draconian
 15897 | IceCv    | Reached skill level 13 in Bows
 16432 | Lair:4   | Reached skill level 5 in Armour
 16471 | Lair:4   | Found a hole to the Spider Nest.
 17727 | Lair:6   | Entered Level 6 of the Lair of Beasts
 17770 | Lair:6   | Reached skill level 10 in Maces & Flails
 17770 | Lair:6   | Reached skill level 10 in Invocations
 17952 | Lair:6   | Reached skill level 6 in Dodging
 18135 | Lair:6   | Reached XP level 14. HP: 127/127 MP: 21/21
 18231 | Lair:6   | Reached ***** piety under the Shining One
 18471 | Lair:6   | Found a staircase to the Slime Pits.
 18997 | Lair:6   | Upgraded the game from 0.24-a0-226-gca05e9d to
                  | 0.24-a0-235-g3f03afc
 19391 | Lair:6   | Found a large runed translucent door.
 19392 | Lair:6   | Found a large runed translucent door.
 19681 | Lair:6   | Reached skill level 13 in Fighting
 19732 | Lair:6   | Reached skill level 6 in Armour
 20137 | Swamp:1  | Entered Level 1 of the Swamp
 20258 | D:10     | Entered Level 10 of the Dungeon
 20304 | D:10     | Identified the Grimoire of the Rat
 20473 | D:10     | Found a staircase to the Orcish Mines.
 20528 | D:10     | Reached ****** piety under the Shining One
 20871 | D:10     | Found a radiant altar of Vehumet.
 21214 | D:11     | Reached skill level 11 in Invocations
 21270 | D:11     | Found an ornate altar of the Wu Jian Council.
 21496 | D:11     | Noticed Fannar
 21508 | D:11     | Killed Fannar
 21874 | D:12     | Reached skill level 7 in Dodging
 22711 | D:13     | HP: 27/129 [phantasmal warrior[a death knight] (16)]
 22716 | D:13     | HP: 28/129 [centaur/arrow[a centaur warrior] (2)]
 22887 | D:13     | Found a blossoming altar of Fedhas.
 22917 | D:13     | HP: 18/129 [centaur warrior/arrow (19)]
 22918 | D:13     | HP: 8/129 [centaur/arrow[a centaur warrior] (10)]
 22920 | D:13     | Shot with an arrow by a centaur warrior

Levels and vault maps discovered:
D:1:      saegor_arrival_fortress, layout_loops_cross, tso_metal_star
D:2:      layout_basic, chequers_ecumenical_altar_island, first_ration,
          uniq_crazy_yiuf_cottage
D:3:      layout_basic, serial_bayou_pond_d, yredelemnul_altar_generic
D:4:      layout_loops_ring, chequers_serial_rivers_room_a
D:5:      layout_basic, grunt_temple_overflow_bloody_war,
          eat_drink_and_be_merry_uskayaw, grunt_gozag_breadcrumbs,
          vehumet_statue, minivault_11, uniq_duvessa, uniq_eustachio
D:6:      layout_basic, nemelex_xobeh_ov_fountains_minmay,
          gammafunk_temple_overflow_elements, temple_pool_b, grunt_decor_cap,
          uniq_pikel, uniq_prince_ribbit1, uniq_menkaure
D:7:      layout_rooms, minitemple, serial_shops, shop, shop,
          kennysheep_mini_moat, kennysheep_generic_room_4
D:8:      layout_cave_pods, lemuel_round_altar, basic_altar, uniq_grum
D:9:      statuecave_lemuel, layout_loops_ring, lair_entry_dummy
D:10:     layout_irregular_city, zombieorc2_lemuel, basic_altar, serial_glass,
          glass_columns_a, glass_columns_b
D:11:     layout_roguey, basic_altar, the_bakery, uniq_fannar
D:12:     layout_stronghold
D:13:     layout_cave_pools, serial_column_ruins, column_ruins_grid_3,
          column_ruins_grid_1, column_ruins_open_tiny, column_ruins_open_medium,
          column_ruins_corridor_straight, grunt_ministairs_9,
          fedhas_bush_and_centaur_altar
Lair:1:   layout_roguey, serial_bayou_shore_b, grunt_megastairs_2,
          uniq_gastronok
Lair:2:   layout_cave_pods, lemuel_fruit_tree
Lair:3:   layout_layer_cave, grunt_megastairs_5
Lair:4:   layout_misc_corridors, swamp_mist, spider_nest_entry_web_field,
          portal_ice_cave_entry_pillars_1
Lair:5:   layout_cave_pods
Lair:6:   cheibrodos_lair_end_hotspot, layout_loops_ring,
          minmay_slime_entry_jelly_boxes
Swamp:1:  layout_basic_swamp, evilmike_swamp_ruin_house_1, swamp_pool5,
          uniq_frances
IceCv:    ice_cave_caverns_02

Skill      XL: |  1  2  3  4  5  6  7  8  9 10 11 12 13 14 |
---------------+-------------------------------------------+-----
Dodging        | 2 3 4 5 6 7 |  7.2
Bows           | 6 7 8 10 11 12 13 | 13.4
Fighting       | 3 4 5 7 9 10 11 12 13 | 13.4
Evocations     | 1 2 |  2.1
Invocations    | 1 2 4 5 8 9 10 11 | 11.4
Short Blades   | 1 2 |  2.1
Armour         | 1 3 4 5 6 |  6.6
Maces & Flails | 2 4 6 7 8 9 10 | 10.8
Stealth        | |  0.4

Action                   |  1- 3 |  4- 6 |  7- 9 | 10-12 | 13-15 || total
-------------------------+-------+-------+-------+-------+-------++-------
Melee: Short sword       |     5 |   216 |    46 |       |       ||   267
       Kick              |     3 |    45 |    55 |    79 |   259 ||   441
       Whip              |       |       |   153 |       |       ||   153
       Morningstar       |       |       |    68 |   258 |   722 ||  1048
 Fire: Shortbow          |   105 |    13 |    70 |   266 |   462 ||   916
Invok: Divine Shield     |       |       |     4 |     2 |     7 ||    13
       Cleansing Flame   |       |       |       |       |     3 ||     3
       Summon Divine War |       |       |       |       |     1 ||     1
Evoke: Wand              |       |     9 |     6 |       |    11 ||    26
  Use: Scroll            |       |     8 |     4 |    10 |    18 ||    40
       Potion            |       |       |     1 |     1 |     9 ||    11
  Eat: Chunk             |       |     3 |       |     4 |     8 ||    15
       Ration            |       |     3 |     3 |     3 |     8 ||    17
Armor: Leather armour    |     5 |   116 |    84 |    42 |       ||   247
       Scale mail        |       |       |       |    49 |   328 ||   377
Dodge: Dodged            |    14 |   133 |   144 |   101 |   300 ||   692
Block: Other             |       |       |     5 |    12 |    69 ||    86

Table legend:
 A = Non-vault XP
 B = Vault XP
 C = Vault XP percentage of total XP
 D = Non-vault monster count
 E = Vault monster count
 F = Vault count percentage of total count
                 A         B        C        D         E       F
            +---------+---------+-------+---------+---------+-------
      Total |   51953 |   28679 |  35.6 |     427 |     155 |  26.6
            +---------+---------+-------+---------+---------+-------
        D:1 |      44 |       2 |   4.3 |      21 |       2 |   8.7
        D:2 |      94 |      42 |  30.9 |      25 |       1 |   3.8
        D:3 |     366 |       0 |   0.0 |      47 |       0 |   0.0
        D:4 |     401 |       0 |   0.0 |      22 |       0 |   0.0
        D:5 |    1465 |     471 |  24.3 |      35 |       5 |  12.5
        D:6 |     208 |    1042 |  83.4 |      13 |       3 |  18.8
        D:7 |     612 |      11 |   1.8 |       9 |       1 |  10.0
        D:8 |    1815 |     659 |  26.6 |      35 |       5 |  12.5
        D:9 |    2717 |       0 |   0.0 |      32 |       0 |   0.0
       D:10 |    2155 |     775 |  26.5 |      22 |      36 |  62.1
       D:11 |    3441 |    1236 |  26.4 |      18 |       2 |  10.0
       D:12 |    4258 |       0 |   0.0 |      25 |       0 |   0.0
       D:13 |    3872 |     157 |   3.9 |      13 |       5 |  27.8
     Lair:1 |    1333 |    3487 |  72.3 |       9 |       3 |  25.0
     Lair:2 |    6230 |       0 |   0.0 |      16 |       0 |   0.0
     Lair:3 |    3973 |     515 |  11.5 |      18 |       2 |  10.0
     Lair:4 |    3794 |       0 |   0.0 |      14 |       0 |   0.0
     Lair:5 |    2515 |       0 |   0.0 |      12 |       0 |   0.0
     Lair:6 |   12290 |    9008 |  42.3 |      40 |      41 |  50.6
    Swamp:1 |     370 |       0 |   0.0 |       1 |       0 |   0.0
      IceCv |       0 |   11274 | 100.0 |       0 |      49 | 100.0
            +---------+---------+-------+---------+---------+-------

Levels and vault maps discovered:
D:1:      saegor_arrival_fortress, layout_loops_cross, tso_metal_star
D:2:      layout_basic, chequers_ecumenical_altar_island, first_ration,
          uniq_crazy_yiuf_cottage
D:3:      layout_basic, serial_bayou_pond_d, yredelemnul_altar_generic
D:4:      layout_loops_ring, chequers_serial_rivers_room_a
D:5:      layout_basic, grunt_temple_overflow_bloody_war,
          eat_drink_and_be_merry_uskayaw, grunt_gozag_breadcrumbs,
          vehumet_statue, minivault_11, uniq_duvessa, uniq_eustachio
D:6:      layout_basic, nemelex_xobeh_ov_fountains_minmay,
          gammafunk_temple_overflow_elements, temple_pool_b, grunt_decor_cap,
          uniq_pikel, uniq_prince_ribbit1, uniq_menkaure
D:7:      layout_rooms, minitemple, serial_shops, shop, shop,
          kennysheep_mini_moat, kennysheep_generic_room_4
D:8:      layout_cave_pods, lemuel_round_altar, basic_altar, uniq_grum
D:9:      statuecave_lemuel, layout_loops_ring, lair_entry_dummy
D:10:     layout_irregular_city, zombieorc2_lemuel, basic_altar, serial_glass,
          glass_columns_a, glass_columns_b
D:11:     layout_roguey, basic_altar, the_bakery, uniq_fannar
D:12:     layout_stronghold
D:13:     layout_cave_pools, serial_column_ruins, column_ruins_grid_3,
          column_ruins_grid_1, column_ruins_open_tiny, column_ruins_open_medium,
          column_ruins_corridor_straight, grunt_ministairs_9,
          fedhas_bush_and_centaur_altar
Lair:1:   layout_roguey, serial_bayou_shore_b, grunt_megastairs_2,
          uniq_gastronok
Lair:2:   layout_cave_pods, lemuel_fruit_tree
Lair:3:   layout_layer_cave, grunt_megastairs_5
Lair:4:   layout_misc_corridors, swamp_mist, spider_nest_entry_web_field,
          portal_ice_cave_entry_pillars_1
Lair:5:   layout_cave_pods
Lair:6:   cheibrodos_lair_end_hotspot, layout_loops_ring,
          minmay_slime_entry_jelly_boxes
Swamp:1:  layout_basic_swamp, evilmike_swamp_ruin_house_1, swamp_pool5,
          uniq_frances
IceCv:    ice_cave_caverns_02

Table legend:
 A = Turns spent in this place as a percentage of turns spent in the entire game.
 B = Non-inter-level travel turns spent in this place as a percentage of non-inter-level travel turns spent in the entire game.
 C = Inter-level travel turns spent in this place as a percentage of turns spent in this place.
 D = Turns resting spent in this place as a percentage of non-inter-level travel turns spent in this place.
 E = Turns spent auto-exploring this place as a percentage of non-inter-level travel turns spent in this place.
 F = Non-inter-level travel turns spent in this place divided by the number of levels of this place that you've seen.
                   A       B       C       D       E      F
               +-------+-------+-------+-------+-------+----------------------
         Total | 100.0 | 100.0 |   4.0 |  26.4 |  51.8 | 1047.4
       Dungeon |  60.2 |  60.3 |   3.8 |  26.4 |  53.4 | 1020.1
          Lair |  33.3 |  32.9 |   5.2 |  24.1 |  54.3 | 1207.7
         Swamp |   0.1 |   0.1 |   0.0 |   0.0 |   0.0 |  20.0
      Ice Cave |   6.4 |   6.7 |   0.0 |  37.6 |  25.3 | 1469.0
               +-------+-------+-------+-------+-------+----------------------

Table legend:
 A = Kills in this place as a percentage of kills in entire the game.
 B = Kills by you in this place as a percentage of kills by you in the entire game.
 C = Kills by friends in this place as a percentage of kills by friends in the entire game.
 D = Other kills in this place as a percentage of other kills in the entire game.
 E = Experience gained in this place as a percentage of experience gained in the entire game.
 F = Experience gained in this place divided by the number of levels of this place that you have seen.
                   A       B       C       D       E      F
               +-------+-------+-------+-------+-------+----------------------
         Total | 100.0 | 100.0 | 100.0 |   N/A | 100.0 | 3839.6
       Dungeon |  64.8 |  64.7 | 100.0 |   N/A |  32.1 | 1987.9
          Lair |  26.6 |  26.7 |   0.0 |   N/A |  53.5 | 7190.8
         Swamp |   0.2 |   0.2 |   0.0 |   N/A |   0.5 | 370.0
      Ice Cave |   8.4 |   8.4 |   0.0 |   N/A |  14.0 | 11274.0
               +-------+-------+-------+-------+-------+----------------------
